 Dungeon Crawl Stone Soup version 0.29.0-13-gc9e81de378 (webtiles) character file.

Game seed: 1421355003224487274

89 robertstho the Poker (level 4, 0/29 HPs)
             Began as a Tengu Berserker on Sept 7, 2022.
             Was a Believer of Trog.
             Killed by divine providence
             ... invoked by an orc priest
              (15 damage)
             ... on level 4 of the Dungeon.
             The game lasted 00:02:26 (2561 turns).

robertstho the Poker (Tengu Berserker)              Turns: 2561, Time: 00:02:27

Health: 0/29       AC:  9    Str: 20    XL:     4   Next: 55%
Magic:  5/5        EV:  8    Int:  7    God:    Trog [**....]
Gold:   239        SH:  5    Dex: 13    Spells: 3/3 levels left

rFire   . . .      SeeInvis .   (no weapon)
rCold   . . .      Faith    .   (no shield)
rNeg    . . .      Spirit   .   l - +0 chain mail
rPois   .          Reflect  +   (helmet restricted)
rElec   .          Harm     .   (no cloak)
rCorr   .          Rampage  .   (no gloves)
Will    .....                   (boots unavailable)
Stlth   ..........              h - amulet of reflection
HPRegen 0.09/turn               (no ring)
MPRegen 0.09/turn               (no ring)

@: no status effects
A: beak, talons 3
a: Renounce Religion, Berserk, Trog's Hand


You were on level 4 of the Dungeon.
You worshipped Trog.
Trog was pleased with you.
You visited 1 branch of the dungeon, and saw 4 of its levels.

You collected 239 gold pieces.

Inventory:

Armour
 l - a +0 chain mail (worn)
Jewellery
 h - an amulet of reflection (around neck)
 m - an amulet of regeneration
 v - a ring of see invisible
Wands
 u - a wand of iceblast (2)
Scrolls
 a - a scroll of acquirement {unknown}
 i - a scroll of silence
 j - 2 scrolls of enchant weapon
 k - a scroll of immolation {unknown}
 n - 3 scrolls of teleportation {unknown}
 o - a scroll of magic mapping {unknown}
 q - a scroll of summoning {unknown}
 r - a scroll of enchant armour {unknown}
 s - 2 scrolls of identify
Potions
 b - a potion of mutation {unknown}
 c - 2 potions of lignification {unknown}
 d - a potion of heal wounds {unknown}
 e - a potion of curing {unknown}
 f - a potion of brilliance {unknown}
 g - a potion of invisibility
 p - a potion of haste {unknown}
 t - a potion of flight {unknown}


   Skills:
 * Level 3.9 Fighting
 + Level 4.0 Polearms
 * Level 2.7 Armour
 + Level 2.3 Dodging
 + Level 0.9 Stealth
 + Level 0.3 Shields
 + Level 0.9 Unarmed Combat


You had 3 spell levels left.
You didn't know any spells.
Your spell library was empty.

Dungeon Overview and Level Annotations

Branches:
Dungeon (4/15)
 Temple: D:4-7

Altars:

Shops:
D:4 :


Innate Abilities, Weirdness & Mutations

You have a beak for a mouth.
You have claws for feet.


Message History

Trog accepts your kill.
No target in view!
No target in view!
No target in view!
No target in view!
No target in view!
No target in view!
No target in view!
No target in view!
No target in view!
No target in view!
No target in view!
No target in view!
No target in view!
v - a ring of see invisible An iguana comes into view.
An iguana is nearby!
An iguana is nearby!
A dart slug comes into view.
Found 6 gold pieces and a leather armour.
Found a stone staircase leading down.
An orc comes into view. It is wielding a +0 dagger.
The orc shouts!
The iguana closely misses you.
An orc priest comes into view. It is wielding a +0 hand axe.
The orc priest shouts!
You hit the iguana.
The iguana is lightly wounded.
The iguana bites you but does no damage.
You hit the iguana but do no damage. You claw the iguana. You peck the iguana.
The iguana is moderately wounded.
The iguana bites you.
You hit the iguana. You punch the iguana, but do no damage.
The iguana is heavily wounded.
An orc wizard comes into view. It is wielding a +0 dagger.
The iguana bites you!
The orc priest mumbles some strange prayers to Beogh against you.
Beogh smites you!
Ouch! That really hurt!
You die...

....
####...#.....#
... #.#.......#
.. #)#.#.....# #
#.#.##...##
#...###.###.
##..........
#....######
o##########
#.####
..o.w.l@..# #.#
....o..^#.####.#
........#......#
.....>..########
........#
#.......#
#......[#
#.......#


You could see an iguana, an orc priest, an orc wizard, a dart slug and an orc.

Vanquished Creatures
  4 adders
  A worm (D:2)
  7 endoplasms
  3 giant cockroaches
  5 goblins
  4 hobgoblins
  3 jackals (D:2)
  5 kobolds
  2 quokkas (D:1)
  3 ball pythons
  4 bats
  2 frilled lizards
  3 rats
  A spectral hobgoblin (D:3)
47 creatures vanquished.

Notes
Turn   | Place    | Note
-------+----------+-------------------------------------------
     0 | D:1      | robertstho the Tengu Berserker began the quest for the Orb.
     0 | D:1      | Reached XP level 1. HP: 14/14 MP: 2/2
   232 | D:1      | Reached XP level 2. HP: 19/19 MP: 3/3
   707 | D:2      | Reached XP level 3. HP: 23/23 MP: 4/4
  1185 | D:2      | Reached skill level 4 in Polearms
  1253 | D:2      | Reached XP level 4. HP: 17/29 MP: 5/5
  1256 | D:2      | Reached ** piety under Trog
  2196 | D:3      | Found a faded altar of an unknown god.
  2514 | D:4      | Found Zoami's Book Shop.
  2561 | D:4      | Killed from afar by an orc priest

Illustrated notes

Levels and vault maps discovered:
D:1:      psy_arrival_radial02, layout_rooms, minmay_splitting_lines,
          minmay_misc_feat_cross, grunt_decor_one_mirror
D:2:      layout_rooms, grunt_ministairs_5, dreamdust_princess_corridor,
          minmay_misc_feat_ornament, minmay_misc_feat_tiny
D:3:      layout_basic, dreamdust_ecumenical_altar_drowned_temple
D:4:      layout_loops_cross, gammafunk_ghost_gnarly_gnolls, serial_shops, shop,
          portal_sewer_entry_a, minmay_misc_feat_enclosed

Skill      XL: |  1  2  3 |
---------------+----------+-----
Polearms       | 4 |  4.0
Fighting       | |  3.9
Armour         | |  2.7
Dodging        | |  2.3
Stealth        | |  0.9
Shields        | |  0.3
Unarmed Combat | |  0.9

Action                   |  1- 3 |  4- 6 || total
-------------------------+-------+-------++-------
Melee: Spear             |    41 |       ||    41
       Kick              |    22 |     9 ||    31
       Peck              |    11 |     4 ||    15
       Unarmed           |    47 |    33 ||    80
       Punch             |     3 |     2 ||     5
Invok: Berserk           |     3 |       ||     3
  Use: Scroll            |     3 |       ||     3
 Stab: Sleeping          |     4 |       ||     4
Armor: Ring mail         |     2 |       ||     2
       Animal skin       |     1 |       ||     1
       Chain mail        |    18 |    18 ||    36
Dodge: Dodged            |    57 |    11 ||    68
Block: Other             |     8 |     5 ||    13
       Reflection        |       |     1 ||     1
